 Dungeon Crawl Stone Soup version 0.29-a0-559-g359e09b9d1 (webtiles) character file.

Game seed: 12838229135760245291

192 thriggle the Twirler (level 5, -11/43 HPs)
             Began as a Gnoll Wanderer on June 10, 2022.
             Was a Believer of Cheibriados.
             Mangled by an ogre
             ... wielding a +0 giant club
              (22 damage)
             ... on level 4 of the Dungeon.
             The game lasted 00:10:27 (3107 turns).

thriggle the Twirler (Gnoll Wanderer)               Turns: 3107, Time: 00:10:28

Health: -11/43     AC: 11    Str: 12    XL:     5   Next: 71%
Magic:  7/9        EV: 14    Int: 18    God:    Cheibriados [**....]
Gold:   197        SH:  0    Dex: 24    Spells: 6/10 levels left

rFire   . . .      SeeInvis .   a - +0 quarterstaff (vorpal)
rCold   . . .      Faith    .   (shield currently unavailable)
rNeg    . . .      Spirit   .   d - +0 robe
rPois   .          Reflect  .   b - +0 helmet
rElec   .          Harm     .   u - +0 cloak
rCorr   .          Rampage  .   f - +0 pair of gloves
Will    .....                   (no boots)
Stlth   +++.......              p - amulet of regeneration
HPRegen 0.94/turn               o - +6 ring of dexterity
MPRegen 0.11/turn               (no ring)

@: ice-armoured, very slow
A: fangs 1, strong nose, distributed training
a: Renounce Religion, Bend Time


You were on level 4 of the Dungeon.
You worshipped Cheibriados.
Cheibriados was pleased with you.
You visited 1 branch of the dungeon, and saw 4 of its levels.

You collected 197 gold pieces.

Inventory:

Hand Weapons
 a - a +0 vorpal quarterstaff (weapon)
 e - a +0 dagger of draining
 z - a +3 flail of holy wrath
Missiles
 i - 10 poisoned darts (quivered)
 t - 46 stones
Armour
 b - a +0 helmet (worn)
 d - a +0 robe (worn)
 f - a +0 pair of gloves (worn)
 m - a +0 scale mail
 u - a +0 cloak (worn)
Jewellery
 o - a +6 ring of dexterity (left hand)
 p - an amulet of regeneration (around neck)
 s - a ring of flight
Wands
 n - a wand of polymorph (7)
Scrolls
 g - a scroll of silence
 h - a scroll of blinking {unknown}
 q - 3 scrolls of amnesia
 v - 2 scrolls of teleportation
 y - a scroll of enchant armour {unknown}
 A - 3 scrolls of magic mapping
Potions
 c - a potion of berserk rage
 j - a potion of flight {unknown}
 k - a potion of heal wounds {unknown}
 l - a potion of brilliance {unknown}
 r - a potion of haste {unknown}
 w - 2 potions of curing {unknown}
 x - 2 potions of lignification {unknown}


   Skills:
 + Level 4.8 Fighting
 + Level 1.6 Short Blades
 + Level 1.6 Long Blades
 + Level 1.6 Axes
 + Level 1.6 Maces & Flails
 + Level 1.6 Polearms
 + Level 4.8 Staves
 + Level 1.6 Slings
 + Level 1.6 Bows
 + Level 1.6 Crossbows
 + Level 1.6 Throwing
 + Level 3.0 Armour
 + Level 3.0 Dodging
 + Level 2.8 Stealth
 + Level 1.6 Shields
 + Level 1.6 Unarmed Combat
 + Level 3.2 Spellcasting
 + Level 1.2 Conjurations
 + Level 4.0 Hexes
 + Level 1.2 Summonings
 + Level 1.2 Necromancy
 + Level 1.2 Translocations
 + Level 1.2 Transmutations
 + Level 1.2 Fire Magic
 + Level 1.2 Ice Magic
 + Level 1.2 Air Magic
 + Level 1.2 Earth Magic
 + Level 1.2 Poison Magic
 + Level 1.8 Invocations
 + Level 1.6 Evocations


You had 6 spell levels left.
You knew the following spells:

 Your Spells              Type           Power      Damage    Failure   Level
a - Slow                  Hex            68%        N/A       3%          1
b - Ozocubu's Armour      Ice            7%         N/A       28%         3

Your spell library contained the following spells:

 Spells                   Type           Power      Damage    Failure   Level
 Summon Guardian Golem    Hex/Summ       12%        N/A       16%         3
 Conjure Flame            Conj/Fire      7%         6-21      28%         3
 Ignite Poison            Fire/Tmut/Pois 7%         N/A       28%         3
 Sticky Flame             Conj/Fire      7%         2d3       67%         4
 Ozocubu's Refrigeration  Ice            3%         4d5       100%        7


Dungeon Overview and Level Annotations

Branches:
Dungeon (4/15)
 Temple: D:4-7

Altars:
Cheibriados

Shops:
D:3 [


Innate Abilities, Weirdness & Mutations

You have very sharp teeth.
Your uncanny sense of smell can sniff out nearby items.
Your experience applies equally to all skills.


Message History

Press: ? - help, Q - select action, (/) - cycle Shift-Dir - straight line, f - ogre
Aim: an ogre, wielding a +0 giant club (79% to hit)
You throw a poisoned dart. The poisoned dart hits the ogre.
The ogre is poisoned.
Casting: Slow (safe; 3% risk of failure)
Confirm with . or Enter, or press ? or * to list all spells.
The spell is quite dangerous to miscast (28% risk of failure)!
Continue anyway?
A film of ice covers your body!
You hit the ogre.
The ogre is moderately wounded.
The ogre barely misses you.
You hit the ogre.
The ogre is heavily wounded.
You barely miss the ogre.
The ogre is heavily wounded.
The ogre hits you but does no damage.
You hit the ogre but do no damage.
The ogre is heavily wounded.
The ogre hits you with a +0 giant club!
You hit the ogre but do no damage.
The ogre is heavily wounded.
The ogre looks more healthy.
You hit the ogre. You bite the ogre, but do no damage.
The ogre is severely wounded.
The ogre hits you with a +0 giant club!!
Ouch! That really hurt!
* * * LOW HITPOINT WARNING * * *
You hit the ogre. You bite the ogre, but do no damage.
The ogre is almost dead.
The ogre closely misses you.
You hit the ogre.
The ogre is almost dead.
The ogre misses you.
You barely miss the ogre.
The ogre is almost dead.
You hit the ogre but do no damage.
The ogre is almost dead.
The ogre hits you with a +0 giant club!!
Ouch! That really hurt!
You die...

..<.#
#.......###############
.g..# #....#.... ..K(#
#....#.#### ...K# .#...
#.################
.>..O..g.)....
..................
....#####.#.#
##.########.#######
....# '#..K ..# #.# #
##... ......########
#.## # #...
.....KO@.....# #..# #
#...
......######.####.## #
#.... ..... #.......# #
.... #.......## # ...
#........# ..
#......#.# .
#.######)##
########'### #..# #
#..........# ##.###


You could see an ogre and 2 kobolds.

Vanquished Creatures
  A scorpion (D:4)
  5 adders
  3 gnolls
  A worm (D:3)
  6 orcs
  5 bats
  5 endoplasms
  3 giant cockroaches
  5 hobgoblins
  A quokka (D:2)
  5 ball pythons
  3 frilled lizards
  5 goblins
  4 kobolds
  4 rats
56 creatures vanquished.

Notes
Turn   | Place    | Note
-------+----------+-------------------------------------------
     0 | D:1      | thriggle the Gnoll Wanderer began the quest for the Orb.
     0 | D:1      | thriggle set off with the following items: a +0 vorpal
                  | quarterstaff, a +0 helmet, a potion of berserk rage, a +0
                  | robe; and the following spell memorised: Slow; and the
                  | following spells available to memorise: Summon Guardian
                  | Golem
     0 | D:1      | Reached XP level 1. HP: 20/20 MP: 4/4
   414 | D:1      | Reached XP level 2. HP: 26/26 MP: 3/5
   718 | D:1      | Found a faded altar of an unknown god.
   723 | D:1      | Prayed at the altar of an unknown god.
   723 | D:1      | Became a worshipper of Cheibriados the Contemplative
   723 | D:1      | Reached * piety under Cheibriados
  1054 | D:2      | Reached XP level 3. HP: 30/31 MP: 4/7
  1355 | D:2      | You fall into a shaft and drop 2 floors!
  1399 | D:3      | Found Rakhlewiu's Antique Armour Shoppe.
  1694 | D:2      | Reached skill level 1 in Invocations
  2142 | D:3      | Reached skill level 1 in Short Blades
  2142 | D:3      | Reached skill level 1 in Long Blades
  2142 | D:3      | Reached skill level 1 in Axes
  2142 | D:3      | Reached skill level 1 in Maces & Flails
  2142 | D:3      | Reached skill level 1 in Polearms
  2142 | D:3      | Reached skill level 1 in Slings
  2142 | D:3      | Reached skill level 1 in Bows
  2142 | D:3      | Reached skill level 1 in Crossbows
  2142 | D:3      | Reached skill level 1 in Throwing
  2142 | D:3      | Reached skill level 1 in Shields
  2142 | D:3      | Reached skill level 1 in Unarmed Combat
  2142 | D:3      | Reached skill level 1 in Evocations
  2220 | D:3      | Reached XP level 4. HP: 37/38 MP: 8/8
  2229 | D:3      | Learned a level 3 spell: Ozocubu's Armour
  2285 | D:3      | Reached ** piety under Cheibriados
  2624 | D:4      | Noticed a scorpion
  2638 | D:4      | Killed a scorpion
  2639 | D:4      | Reached skill level 1 in Conjurations
  2639 | D:4      | Reached skill level 1 in Summonings
  2639 | D:4      | Reached skill level 1 in Necromancy
  2639 | D:4      | Reached skill level 1 in Translocations
  2639 | D:4      | Reached skill level 1 in Transmutations
  2639 | D:4      | Reached skill level 1 in Fire Magic
  2639 | D:4      | Reached skill level 1 in Ice Magic
  2639 | D:4      | Reached skill level 1 in Air Magic
  2639 | D:4      | Reached skill level 1 in Earth Magic
  2639 | D:4      | Reached skill level 1 in Poison Magic
  2639 | D:4      | Reached XP level 5. HP: 22/43 MP: 7/9
  2907 | D:4      | Noticed an ogre
  3107 | D:4      | Mangled by an ogre

Illustrated notes

Levels and vault maps discovered:
D:1:      shiori_arrival_oz, layout_basic, basic_ecumenical_altar
D:2:      layout_loops_corners, minmay_hedge_maze, minivault_26
D:3:      layout_basic, serial_shops, shop, grunt_decor_junction
D:4:      layout_basic

Skill      XL: |  1  2  3  4  5 |
---------------+----------------+-----
Invocations    | 1 |  1.8
Short Blades   | 1 |  1.6
Long Blades    | 1 |  1.6
Axes           | 1 |  1.6
Maces & Flails | 1 |  1.6
Polearms       | 1 |  1.6
Slings         | 1 |  1.6
Bows           | 1 |  1.6
Crossbows      | 1 |  1.6
Throwing       | 1 |  1.6
Shields        | 1 |  1.6
Unarmed Combat | 1 |  1.6
Evocations     | 1 |  1.6
Spellcasting   | 3 |  3.2
Conjurations   | 1 |  1.2
Summonings     | 1 |  1.2
Necromancy     | 1 |  1.2
Translocations | 1 |  1.2
Transmutations | 1 |  1.2
Fire Magic     | 1 |  1.2
Ice Magic      | 1 |  1.2
Air Magic      | 1 |  1.2
Earth Magic    | 1 |  1.2
Poison Magic   | 1 |  1.2
Armour         | 3 |  3.0
Dodging        | 3 |  3.0
Hexes          | 4 |  4.0
Fighting       | |  4.8
Staves         | |  4.8
Stealth        | |  2.8

Action                   |  1- 3 |  4- 6 || total
-------------------------+-------+-------++-------
Melee: Quarterstaff      |    82 |    64 ||   146
       Bite              |     6 |     5 ||    11
       Dagger            |     1 |       ||     1
Throw: Dart              |     1 |     3 ||     4
       Stone             |       |     1 ||     1
 Cast: Slow              |    13 |     3 ||    16
       Ozocubu's Armour  |       |     2 ||     2
  Use: Scroll            |     2 |     2 ||     4
 Stab: Sleeping          |     7 |     4 ||    11
       Distracted        |     1 |       ||     1
Armor: Robe              |    20 |    20 ||    40
Dodge: Dodged            |    37 |    34 ||    71

Table legend: (Time is in decaauts)
 A = Elapsed time spent in this place.
 B = Non-inter-level travel time spent in this place.
 C = Inter-level travel time spent in this place.
 D = Time resting spent in this place.
 E = Time spent auto-exploring this place.
 F = Levels seen in this place.
 G = Mean time per level.
                   A        B        C        D        E       F      G
               +--------+--------+--------+--------+--------+-----+--------+
         Total |   3928 |   3784 |    144 |    115 |   2456 |   4 |  982.0 |
       Dungeon |   3928 |   3784 |    144 |    115 |   2456 |   4 |  982.0 |
               +--------+--------+--------+--------+--------+-----+--------+

Top non-repeatable levels by time:
     D:2: 1509 daAuts
     D:3: 839 daAuts
     D:1: 824 daAuts
     D:4: 754 daAuts
